 Dungeon Crawl Stone Soup version 0.21-a0-19-g210df22 (webtiles) character file.

689 tof the Skirmisher (level 7, -7/71 HPs)
             Began as a Troll Monk on May 24, 2017.
             Killed by nerve-wracking pain
             ... invoked by an orc priest
              (13 damage)
             ... on level 5 of the Dungeon.
             The game lasted 00:13:24 (3213 turns).

tof the Skirmisher (Troll Monk)                     Turns: 3213, Time: 00:13:25

Health: -7/71      AC:  5    Str: 20    XL:     7   Next: 36%
Magic:  6/6        EV: 11    Int:  6    God:
Gold:   280        SH:  0    Dex: 14    Spells: 6/6 levels left

rFire    + . .     SeeInvis .   a - +0 spear
rCold    x . .     Gourm    +   (no shield)
rNeg     . . .     Faith    .   b - +0 robe
rPois    .         Spirit   .   (helmet restricted)
rElec    .         Reflect  .   (no cloak)
rCorr    .         Harm     .   (gloves unavailable)
MR       .....                  (boots unavailable)
Stlth    +++.......             (no amulet)
Regen    0.7/turn               k - ring of fire
MPRegen  0.1/turn               u - ring of stealth

@: lethally poisoned (-7 -> -8), berserk cooldown, slowed, very slow
A: unfitting armour, claws 3, fast metabolism 3, gourmand, regeneration 1,
shaggy fur 1, tough skin 2
a: no special abilities


You were on level 5 of the Dungeon.
You were not hungry.

You visited 1 branch of the dungeon, and saw 5 of its levels.

You collected 280 gold pieces.

Inventory:

Hand Weapons
 a - a +0 spear (weapon)
Missiles
 w - 3 tomahawks (quivered)
Armour
 b - a +0 robe (worn)
Jewellery
 k - a ring of fire (left claw)
 u - a ring of stealth (right claw)
Wands
 p - a wand of acid (6/15)
Scrolls
 e - 3 scrolls of identify
 g - 2 scrolls of remove curse
 h - a scroll of fear {unknown}
 j - 2 scrolls of amnesia
 l - a scroll of teleportation
 v - a scroll of enchant weapon {unknown}
 x - 2 scrolls of blinking
Potions
 d - 2 potions of might {unknown}
 f - 2 potions of invisibility {unknown}
 i - 2 potions of resistance {unknown}
 n - a potion of cancellation {unknown}
 o - a potion of curing {unknown}
 q - a potion of brilliance {unknown}
 r - a potion of magic {unknown}
 s - a potion of heal wounds {unknown}
Comestibles
 c - 3 bread rations
 t - 2 meat rations
 z - 5 chunks of flesh


   Skills:
 * Level 4.4 Fighting
 * Level 4.4 Polearms
 + Level 0.8 Throwing
 + Level 3.4 Dodging
 + Level 2.2 Stealth
 - Level 1.0 Unarmed Combat


You had 6 spell levels left.
You didn't know any spells.

Dungeon Overview and Level Annotations

Branches:
Dungeon (5/15)
 Temple: D:4-7

Altars:


Innate Abilities, Weirdness & Mutations

You are too large for most types of armour.
You have claws for hands.
Your metabolism is lightning-fast.
You like to eat raw meat.
Your natural rate of healing is unusually fast.
You are covered in fur. (AC +1)
You have very tough skin. (AC +2)


Message History

You kill the orc priest!
You feel sick.
You are no longer berserk.
You are exhausted.
You feel yourself slow down.
You feel sick. The orc priest hits you with a club.
* * * LOW HITPOINT WARNING * * *
Items here: ) [[ † a mace of protection; a leather armour x2; an orc corpse You hit the orc priest but do no damage.
You feel sick.
The orc priest calls down the wrath of Beogh upon you.
Pain shoots through your body!
* * * LOW HITPOINT WARNING * * *
You hit the orc priest.
The orc priest is lightly wounded.
You feel sick.
The orc priest mumbles some strange prayers to Beogh against you.
Pain shoots through your body!
You die...

.#..............##.#.......,,,,,,
...............#*#.#........,,,,,
##.........<.#.###..........,,,,,
##.#...##...##..............,,,,,
##.############...#.........,,,,,
##.# #.<.#......o..,,,,, ##.##
##.##.........,,,,, ##..#
#o...........,*,*, ###.###
#@##.........**≈** ......#
****#)####.!!(..#*≈≈≈* ##....#
*,,,#.# *#######*≈≈≈* #....#
#.....# **≈** #....# #....## *≈*≈
###### #..?.* *≈*≈ #....* **≈**
#...#* *≈≈≈* #...* *≈≈≈≈


You could see an orc priest.

Vanquished Creatures
  2 phantoms (D:4)
  A scorpion (D:4)
  An orc priest (D:5)
  A centaur skeleton (D:4)
  A hound (D:4)
  An orc wizard (D:4)
  A bullfrog skeleton (D:4)
  2 iguanas (D:4)
  2 worker ants
  3 gnolls (D:3)
  8 adders
  An ooze (D:3)
  3 worms
  A dart slug (D:1)
  2 leopard geckos
  16 orcs
  4 giant cockroaches
  10 goblins
  7 hobgoblins
  13 jackals
  A quokka (D:2)
  3 bats (D:2)
  4 frilled lizards
  5 kobolds
  9 rats
102 creatures vanquished.

Notes
Turn   | Place    | Note
-------+----------+-------------------------------------------
     0 | D:1      | tof the Troll Monk began the quest for the Orb.
     0 | D:1      | Reached XP level 1. HP: 22/22 MP: 0/0
   142 | D:1      | Reached XP level 2. HP: 25/29 MP: 1/1
   445 | D:2      | Reached XP level 3. HP: 23/36 MP: 2/2
   910 | D:3      | Reached skill level 1 in Unarmed Combat
   996 | D:3      | Reached XP level 4. HP: 25/45 MP: 3/3
  1387 | D:3      | Reached XP level 5. HP: 53/53 MP: 4/4
  1913 | D:4      | Noticed a phantom
  1974 | D:4      | Killed a phantom
  2072 | D:4      | Reached XP level 6. HP: 55/62 MP: 5/5
  2912 | D:4      | Reached XP level 7. HP: 58/70 MP: 6/6
  3114 | D:5      | Entered Level 5 of the Dungeon
  3213 | D:5      | Killed from afar by an orc priest

Vault maps used:
D:1:      dpeg_arrival_tiny_f
D:2:      kennysheep_generic_room_8
D:5:      first_bread, gup_sewer_entry_bubbles, small_statue_intersection

Skill      XL: |  1  2  3  4  5  6 |
---------------+-------------------+-----
Fighting       | 3 4 |  4.4
Unarmed Combat | 1 |  1.0
Polearms       | 3 4 |  4.4
Dodging        | 3 |  3.4
Stealth        | 2 |  2.2
Throwing       | |  0.8

Action                   |  1- 3 |  4- 6 |  7- 9 || total
-------------------------+-------+-------+-------++-------
Melee: Spear             |   157 |   359 |    75 ||   591
       Punch             |       |     3 |       ||     3
Throw: Tomahawk          |       |       |     3 ||     3
  Use: Scroll            |       |     6 |     1 ||     7
       Potion            |       |       |     1 ||     1
 Stab: Sleeping          |     3 |     4 |     1 ||     8
  Eat: Chunk             |    15 |    16 |       ||    31
Armor: Robe              |    41 |    76 |    19 ||   136
Dodge: Dodged            |    61 |   148 |    27 ||   236
